 Dungeon Crawl Stone Soup version 0.17-a0-2069-g0f4ee5b (webtiles) character file.

9797 st0uf the Summoner (level 11, -16/68 HPs)
             Began as a Mummy Wizard on Oct 12, 2015.
             Was the Champion of Sif Muna.
             Demolished by a catoblepas (30 damage)
             ... on level 4 of the Lair of Beasts on Oct 13, 2015.
             The game lasted 05:29:05 (25683 turns).

st0uf the Summoner (Mummy Wizard)                  Turns: 25683, Time: 05:29:05

Health: -16/68     AC:  4    Str: 10    XL:     11   Next: 27%
Magic:  7/17       EV:  7    Int: 22    God:    Sif Muna [******]
Gold:   473        SH:  0    Dex: 10    Spells: 6 memorised, 3 levels left

rFire  . . .     SeeInvis +     k - +3 glaive "Zuusoer" {chop, rPois rF+ rN+}
rCold  + . .     Clarity  .     a - +0 robe
rNeg   + + +     SustAt   .     (no shield)
rPois  ∞         Gourm    .     m - +1 hat {SInv}
rElec  .         Spirit   .     (no cloak)
rCorr  .         Warding  .     (no gloves)
rMut   .         Stasis   .     i - +0 pair of boots
MR     +....                    v - amulet of regeneration
Stlth  ++........               (no ring)
                                e - ring of see invisible

@: repel missiles, somewhat resistant to hostile enchantments, unstealthy
A: no food or potions, fire vulnerability, cold resistance 1, negative energy
resistance 3, torment resistance, unbreathing
a: Channel Energy, Forget Spell, Renounce Religion


You were on level 4 of the Lair of Beasts.
You worshipped Sif Muna.
Sif Muna was exalted by your worship.
You were not hungry.

You visited 3 branches of the dungeon, and saw 14 of its levels.
You also visited: Bailey.

You collected 859 gold pieces.
You spent 386 gold pieces at shops.

Inventory:

Hand Weapons
 k - the +3 glaive "Zuusoer" (weapon) {chop, rPois rF+ rN+}
   (You took it off an orc warrior in a bailey)

   It inflicts extra damage upon your enemies.
   It protects you from fire.
   It protects you from poison.
   It protects you from negative energy.
Missiles
 A - 40 tomahawks of returning (quivered)
Armour
 a - a +0 robe (worn)
 i - a +0 pair of boots (worn)
 m - a +1 hat of see invisible (worn)
Magical Staves
 j - an uncursed staff of conjuration
Jewellery
 e - a ring of see invisible (left hand)
 v - an amulet of regeneration (around neck)
Wands
 n - a wand of draining (10)
 p - a wand of digging (13)
Scrolls
 b - a scroll of holy word {unknown}
 c - a scroll of silence
 d - 6 scrolls of remove curse
 f - 4 scrolls of teleportation
 g - a scroll of enchant weapon
 h - 2 scrolls of blinking
 l - 5 scrolls of identify
 x - 2 scrolls of enchant armour
 E - 2 scrolls of magic mapping
Books
 o - a book of Summonings

   Spells                             Type                      Level
   a - Recall                         Summoning/Translocation      3
   b - Aura of Abjuration             Summoning                    5
   c - Shadow Creatures               Summoning                    5
   d - Summon Demon                   Summoning                    5
   e - Summon Forest                  Summoning/Translocation      5
   f - Summon Mana Viper              Hexes/Summoning              5
 r - a Fen Folio

   Spells                             Type                      Level
   a - Corpse Rot                     Necromancy                   2
   b - Stone Arrow                    Conjuration/Earth            3
   c - Leda's Liquefaction            Hexes/Earth                  4
   d - Summon Forest                  Summoning/Translocation      5
   e - Hydra Form                     Transmutation                6
   f - Summon Hydra                   Summoning                    7


   Skills:
 + Level 1.8 Dodging
 - Level 1.5 Stealth
 + Level 4.2 Spellcasting
 - Level 3.0 Conjurations
 - Level 10.1 Summonings
 - Level 6.1 Translocations
 - Level 5.3 Air Magic
 - Level 3.1 Poison Magic
 - Level 5.0 Invocations


You had 3 spell levels left.
You knew the following spells:

 Your Spells              Type           Power        Failure   Level  Hunger
a - Magic Dart            Conj           ###.         3%          1    N/A
b - Call Imp              Summ           #####...     1%          2    N/A
c - Mephitic Cloud        Conj/Pois/Air  ###.....     10%         3    N/A
d - Blink                 Tloc           N/A          1%          2    N/A
e - Repel Missiles        Chrm/Air       ###...       8%          2    N/A
f - Summon Forest         Summ/Tloc      #####.....   12%         5    N/A

Dungeon Overview and Level Annotations

Branches:
Dungeon (9/15)             Temple (1/1) D:5            Lair (4/8) D:8
  Swamp: Lair:3-6    Shoals: Lair:3-6     Snake: Lair:3-6    Spider: Lair:3-6
    Orc: D:9-12

Altars:
Ashenzari
Cheibriados
Dithmenos
Elyvilon
Fedhas
Gozag
Kikubaaqudgha
Makhleb
Nemelex Xobeh
Okawaru
Qazlal
Ru
Sif Muna
Trog
Vehumet
Xom
Yredelemnul
Zin
The Shining One

Shops:
D:6 ?   D:7 ?:*(


Innate Abilities, Weirdness & Mutations

You do not eat or drink.
Your flesh is vulnerable to fire.
You are immune to poison.
Your flesh is cold resistant.
You are immune to negative energy.
You are immune to unholy pain and torment.
You can survive without breathing.


Message History

You feel a bit more experienced.
The catoblepas breathes a plume of calcifying dust at you.
The blast of calcifying dust hits you!
You are engulfed in calcifying dust.
You are slowing down.
Your limbs are stiffening.
You have turned to stone.
The catoblepas breathes a plume of calcifying dust at you.
The blast of calcifying dust hits you!
You are engulfed in calcifying dust. x2
The catoblepas breathes a plume of calcifying dust at you.
The blast of calcifying dust hits you!
You are engulfed in calcifying dust.
The catoblepas gores you!
You turn to flesh and can move again.
The catoblepas gores you!!
* * * LOW HITPOINT WARNING * * *
There is a stone staircase leading up here.
The catoblepas gores you!!
You die...

......................
............[>..........
...#P.....^.............
.......... #.............
.♣......# #P.............
........#####............#
..........#..............##
.......Y..................##
..§§......#.##.Y@..........#
...§....#####..............##
...§...#..# ###....§.......P#
.......#### ##.#...........##
........## .#..#............#
.#.#.....#.######...........#
♣♣###.....###P# #...........#
###....###...# ##........>.#
#.....#......## #..#.......#


You could see a catoblepas.

Vanquished Creatures
  A komodo dragon (Lair:3)
  A spiny frog (Lair:1)
  A two-headed ogre (D:8)
  A yak (Lair:2)
  A wyvern (D:9)
  A water moccasin (Lair:2)
  Duvessa (D:6)
  2 centaurs
  A phantom (D:9)
  5 orc warriors
  An ogre (D:6)
  A scorpion (D:8)
  2 killer bees (D:9)
  2 crimson imps (D:6)
  An orc priest (D:8)
  An iguana (Lair:1)
  2 orc wizards
  A worker ant (D:5)
  3 gnolls
  2 adders
  11 river rats
  An ooze (D:1)
  6 orcs
  3 hobgoblins
  6 jackals
  10 kobolds
  3 bats
  A giant cockroach (D:1)
  A giant newt (D:6)
  A quokka skeleton (D:9)
  4 rats
  A plant (D:3)
79 creatures vanquished.

Vanquished Creatures (collateral kills)
  Gastronok (Lair:3)
  Erolcha (D:8)
  The ghost of Rayvis the Fighter, a journeyman DsFi of Qazlal (Lair:2)
  Nergalle (Lair:2)
  Pikel (D:6)
  An ugly thing (D:8)
  3 fire drakes
  4 spiny frogs
  A komodo dragon (Lair:3)
  A two-headed ogre (D:9)
  Grinder (D:4)
  4 blink frogs (Lair:2)
  5 yaks (Lair:2)
  Eustachio (D:4)
  A basilisk (Lair:3)
  3 hippogriffs
  A hungry ghost (D:6)
  3 water moccasins
  3 ice beasts
  A sky beast (D:5)
  2 orc warriors
  4 porcupines
  4 slaves
  4 ogres
  A black bear (D:6)
  3 centaurs
  A necrophage (D:8)
  3 big kobolds
  A brain worm (Lair:3)
  5 giant frogs
  7 crocodiles
  6 scorpions
  Dowan (D:6)
  4 killer bees (D:9)
  5 crimson imps
  2 centaur zombies (D:9)
  The ghost of asdu the Magician, a weakling DEFE of Vehumet (D:6)
  A giant frog skeleton (D:6)
  3 jellies
  5 orc priests
  5 hounds
  6 iguanas
  10 orc wizards
  3 centaur skeletons
  A gnoll shaman (D:5)
  Natasha (thrice) (D:4)
  A killer bee zombie (D:5)
  10 sheep (Lair:2)
  6 worker ants
  A hound zombie (D:5)
  A hound skeleton (D:4)
  Robin (D:4)
  5 gnolls
  22 river rats
  A worker ant zombie (D:6)
  14 adders
  3 shadow imps
  An ooze (D:3)
  4 adder skeletons
  2 adder zombies
  5 worms
  9 giant geckos
  30 orcs
  5 ball pythons
  3 giant cockroaches
  16 goblins
  9 hobgoblins
  8 jackals
  26 kobolds
  3 quokkas
  5 bats
  A giant gecko zombie (D:5)
  8 giant newts
  A quokka skeleton (D:5)
  11 rats
  3 bushes (D:3)
  3 fungi
  7 plants
354 creatures vanquished.

Vanquished Creatures (others)
  A jackal zombie (D:8)
  2 fungi (Lair:3)
  2 plants
  A snaplasher vine (Lair:3)
  1176 snaplasher vine segments
1182 creatures vanquished.

Grand Total: 1615 creatures vanquished

Notes
Turn   | Place    | Note
--------------------------------------------------------------
     0 | D:1      | st0uf the Mummy Wizard began the quest for the Orb.
     0 | D:1      | Reached XP level 1. HP: 13/13 MP: 4/4
   536 | D:1      | Reached XP level 2. HP: 16/19 MP: 0/6
   939 | D:1      | Learned a level 2 spell: Call Imp
  1026 | D:1      | Reached skill level 1 in Summonings
  1957 | D:2      | Reached XP level 3. HP: 24/24 MP: 0/8
  3637 | D:2      | Found a blossoming altar of Fedhas.
  3841 | D:2      | Found a glowing golden altar of the Shining One.
  4685 | D:3      | Found a stormy altar of Qazlal.
  4688 | D:3      | Found a blossoming altar of Fedhas.
  4688 | D:3      | Found a glowing silver altar of Zin.
  4788 | D:3      | Reached XP level 4. HP: 30/30 MP: 6/9
  5950 | D:3      | Learned a level 3 spell: Mephitic Cloud
  6597 | D:4      | Noticed Natasha
  6605 | D:4      | Killed Natasha
  6605 | D:4      | Reached XP level 5. HP: 15/35 MP: 1/10
  6880 | D:4      | Noticed Eustachio
  7320 | D:4      | Reached skill level 4 in Summonings
  7616 | D:4      | Noticed Robin
  7623 | D:4      | Noticed Grinder
  7661 | D:4      | Killed Robin
  7661 | D:4      | Reached skill level 1 in Conjurations
  8686 | D:4      | Reached skill level 1 in Air Magic
  8686 | D:4      | Reached XP level 6. HP: 24/41 MP: 2/11
  8688 | D:4      | Reached skill level 1 in Poison Magic
  9319 | D:4      | Identified the Incunabulum of Venomous Calling
  9448 | D:4      | Killed Eustachio
 10004 | D:4      | Paralysed by Grinder for 6 turns
 10032 | D:4      | Paralysed by Grinder for 7 turns
 10119 | D:4      | Killed Grinder
 10119 | D:4      | Reached XP level 7. HP: 46/46 MP: 1/12
 10264 | D:4      | Noticed Natasha
 10279 | D:4      | Killed Natasha
 10611 | D:4      | Noticed Natasha
 10615 | D:4      | Killed Natasha
 10677 | D:5      | Entered Level 5 of the Dungeon
 10724 | D:5      | Found a staircase to the Ecumenical Temple.
 10963 | Temple   | Entered the Ecumenical Temple
 10989 | Temple   | Became a worshipper of Sif Muna the Loreminder
 11006 | D:5      | Learned a level 2 spell: Blink
 11009 | D:5      | Learned a level 2 spell: Repel Missiles
 15451 | D:5      | Reached * piety under Sif Muna
 15451 | D:5      | Reached XP level 8. HP: 52/52 MP: 6/13
 15561 | D:5      | Found a shimmering altar of Xom.
 16142 | D:6      | Noticed asdu's ghost (weakling DEFE)
 16154 | D:6      | Killed asdu's ghost
 16292 | D:6      | Found Ynlokah's Magic Scroll Shop.
 16295 | D:6      | Bought a scroll of remove curse for 36 gold pieces
 16295 | D:6      | Bought a scroll of teleportation for 36 gold pieces
 16295 | D:6      | Bought a scroll of identify for 24 gold pieces
 16323 | D:6      | Reached skill level 5 in Air Magic
 16326 | D:6      | Noticed Dowan
 16337 | D:6      | Killed Dowan
 16387 | D:6      | Noticed Duvessa
 16431 | D:6      | Killed Duvessa
 16887 | D:6      | Reached skill level 1 in Invocations
 16952 | D:6      | Noticed Pikel
 17393 | D:6      | Found a sparkling altar of Nemelex Xobeh.
 17393 | D:6      | Found an ancient bone altar of Kikubaaqudgha.
 17394 | D:6      | Found a snail-covered altar of Cheibriados.
 18590 | D:6      | Killed Pikel
 19042 | D:7      | Found Qirih's Assorted Antiques.
 19045 | D:7      | Bought a scroll labeled SUACHA ARRAMIVIGA for 29 gold pieces
 19117 | D:6      | Reached skill level 5 in Invocations
 19295 | D:6      | Reached skill level 1 in Translocations
 19295 | D:6      | Reached XP level 9. HP: 57/57 MP: 12/14
 19505 | D:7      | Found Eptuffuph's Magic Scroll Shoppe.
 19779 | D:7      | Found Xisahe's Book Shop.
 19796 | D:7      | Found Wuaxt's Antique Weapon Shop.
 19895 | D:7      | Bought a slimy hunting sling for 117 gold pieces
 19895 | D:7      | Bought a polished short sword for 144 gold pieces
 19895 | D:7      | Identified the cursed +0 hunting sling "Axzud" {venom, Dex+5} (You bought it in a shop on level 7 of the Dungeon)
 19896 | D:7      | Identified the +4 short sword of Division {holy, +Fly rPois Str+2} (You bought it in a shop on level 7 of the Dungeon)
 20007 | D:8      | Found a staircase to the Lair.
 20022 | D:8      | Found a flagged portal.
 20040 | D:8      | Noticed Erolcha
 20067 | D:8      | Killed Erolcha
 20067 | D:8      | Reached ** piety under Sif Muna
 20090 | Bailey   | Entered a bailey
 20245 | Bailey   | Reached skill level 5 in Translocations
 20410 | Bailey   | Got an iridescent glaive {chop}
 20449 | Bailey   | Identified the +3 glaive "Zuusoer" {chop, rPois rF+ rN+} (You took it off an orc warrior in a bailey)
 20510 | D:8      | Noticed a cyan ugly thing
 20538 | D:8      | Killed a cyan ugly thing
 20538 | D:8      | Reached *** piety under Sif Muna
 20538 | D:8      | Reached skill level 6 in Translocations
 20555 | D:8      | Upgraded the game from 0.17-a0-2064-g265a032 to 0.17-a0-2069-g0f4ee5b
 20625 | D:8      | Noticed an efreet
 20868 | D:8      | Found a sacrificial altar of Ru.
 21391 | D:9      | Reached skill level 5 in Summonings
 21405 | D:9      | Reached XP level 10. HP: 63/63 MP: 16/16
 21713 | D:9      | Reached **** piety under Sif Muna
 21868 | Lair:1   | Entered Level 1 of the Lair of Beasts
 22048 | Lair:1   | Learned a level 5 spell: Summon Forest
 22634 | Lair:2   | Noticed Nergalle
 22786 | Lair:2   | Reached skill level 7 in Summonings
 22913 | Lair:2   | Reached ***** piety under Sif Muna
 23064 | Lair:2   | Killed Nergalle
 23163 | Lair:2   | Reached skill level 8 in Summonings
 23218 | Lair:2   | Noticed Rayvis's ghost (journeyman DsFi)
 23233 | Lair:2   | Killed Rayvis's ghost
 23460 | Lair:2   | Reached skill level 9 in Summonings
 24299 | Lair:3   | Noticed Gastronok
 24334 | Lair:3   | Killed Gastronok
 24334 | Lair:3   | Reached XP level 11. HP: 24/68 MP: 17/17
 24823 | Lair:3   | Reached ****** piety under Sif Muna
 24823 | Lair:3   | Reached skill level 10 in Summonings
 25078 | Lair:3   | Received a gift from Sif Muna
 25649 | Lair:4   | Noticed a catoblepas
 25683 | Lair:4   | Demolished by a catoblepas

Vault maps used:
D:1:      dpeg_arrival_line_fractal
D:2:      nicolae_tso_carved_into_rock, fedhas_altar_2
D:3:      grunt_temple_overflow_open, lexackson_kobold_supper
D:4:      first_bread, uniq_natasha, uniq_grinder, uniq_eustachio, uniq_robin
D:5:      minmay_temple_entry_large_hall, basic_altar, minmay_fountain_box
D:6:      gammafunk_temple_overflow_forgotten, serial_shops, shop, uniq_pikel,
          uniq_duvessa
D:7:      serial_shops, nicolae_shop_window_shopping, kennysheep_mini_moat,
          nicolae_shop_trees, shop_scrolls
D:8:      hangedman_cross_cluster, enter_bailey_2,
          nicolae_ru_the_path_less_chosen, uniq_erolcha
Temple:   circular_temple_12
Lair:1:   serial_bayou_pond_a
Lair:2:   uniq_nergalle
Lair:3:   st_stairs_5, grunt_megastairs_2, lemuel_fruit_fields, uniq_gastronok
Lair:4:   minmay_shoals_entry_centaurs
Bailey:   bailey_axe_1, bailey

Action                   |  1- 3 |  4- 6 |  7- 9 | 10-12 || total
-------------------------+-------+-------+-------+-------++-------
Melee: Unarmed           |    15 |   860 |   105 |       ||   980
       Glaive            |       |       |    13 |    36 ||    49
 Cast: Magic Dart        |    41 |    11 |    16 |    32 ||   100
       Call Imp          |    61 |   150 |   406 |   178 ||   795
       Mephitic Cloud    |       |       |   105 |    86 ||   191
       Repel Missiles    |       |       |     2 |       ||     2
       Blink             |       |       |     2 |     3 ||     5
       Summon Forest     |       |       |       |    18 ||    18
Invok: Channel Energy    |       |       |   284 |   301 ||   585
  Use: Scroll            |       |       |    14 |    12 ||    26
 Stab: Confused          |       |       |     5 |     1 ||     6
